AoeStats
← AiM | Facu1414

Arena

505131973Analyzed
3v3 RM · 25d ago on Sep 8, 2026· 41m 39s· 6 players
Game mode
Random Map
Map size
Normal (6 player)
Population
200
Speed
Normal
Resources
Standard
Victory
Conquest
Starting age
Dark Age
Ending age
Imperial Age
RankedLock teamsTeams togetherTeam positionsShared explorationLock speedFull tech treeHidden civsTurbo modeCheats
Victory
Defeat
🇫🇮 Bengalis · Finland
1516
+11
🇺🇸 Bohemians · United States
1499
+12
🇺🇸 Celts · United States
1436
+15
🇦🇷 Hindustanis · Argentina
1551
-17
🇨🇱 Burmese · Chile
1523
-16
🇨🇱 Spanish · Chile
1149
-5
AiM | Tío Oplack
11:08 Feudal Age
10:12 Loom
16:47 Castle Age
18:03 Double-Bit Axe
18:03 Horse Collar
18:18 Gold Mining
20:23 Padded Archer Armor
30:56 Imperial Age
29:29 Wheelbarrow
34:00 Elite Conquistador
38:59 Light Cavalry
AiM | Facu1414
10:36 Feudal Age
14:52 Castle Age
12:45 Double-Bit Axe
14:19 Scale Barding Armor
15:39 Light Cavalry
17:47 Husbandry
23:29 Loom
24:19 Wheelbarrow
24:45 Bloodlines
24:20 Horse Collar
24:51 Bow Saw
24:33 Gold Mining
26:12 Chain Barding Armor
27:07 Forging
27:53 Hand Cart
27:43 Heavy Plow
33:03 Imperial Age
31:39 Iron Casting
31:58 Gold Shaft Mining
31:28 Devotion
33:23 Hussar
34:50 Plate Barding Armor
35:49 Blast Furnace
37:07 Chemistry
40:00 Padded Archer Armor
AiM | Shuffle
10:34 Feudal Age
14:52 Castle Age
12:36 Horse Collar
13:59 Gold Mining
14:43 Loom
15:11 Pikeman
16:45 Scale Mail Armor
17:37 Scale Mail Armor
18:28 Sanctity
19:11 Atonement
21:00 Fervor
22:39 Redemption
24:44 Wheelbarrow
30:12 Imperial Age
29:46 Wheelbarrow
29:14 Squires
29:30 Chain Mail Armor
28:37 Man-at-Arms
30:45 Gold Shaft Mining
30:20 Long Swordsman
31:13 Forging
31:01 Gambesons
32:30 Chemistry
32:20 Block Printing
32:32 Illumination
32:56 Hand Cart
32:44 Heavy Plow
33:18 Stone Mining
33:20 Two-Handed Swordsman
34:12 Champion
36:15 Iron Casting
35:49 Town Watch
36:50 Plate Mail Armor
38:24 Blast Furnace
39:01 Conscription
41:11 Crop Rotation
40:32 Capped Ram
p0ni spice latte
11:16 Feudal Age
12:23 Horse Collar
14:49 Castle Age
13:15 Double-Bit Axe
15:58 Bow Saw
15:50 Heavy Plow
15:41 Loom
18:12 Atonement
20:50 Redemption
aawwd
10:45 Feudal Age
11:44 Double-Bit Axe
14:44 Castle Age
13:05 Horse Collar
15:24 Wheelbarrow
15:42 Bow Saw
22:29 Heavy Plow
22:11 Pikeman
26:05 Loom
26:36 Hand Cart
26:06 Town Watch
26:24 Scale Mail Armor
26:48 Fletching
28:44 Chain Mail Armor
32:12 Imperial Age
29:44 Town Patrol
29:55 Forging
30:18 Devotion
30:29 Fervor
31:05 Gambesons
32:46 Iron Casting
33:18 Conscription
34:07 Plate Mail Armor
33:21 Capped Ram
33:42 Halberdier
35:59 Blast Furnace
35:47 Arson
36:19 Furor Celtica
35:41 Man-at-Arms
36:26 Siege Ram
36:32 Elite Woad Raider
38:23 Long Swordsman
39:09 Two-Handed Swordsman
39:47 Stronghold
40:15 Champion
41:00 Bodkin Arrow
mundobear
12:26 Feudal Age
13:41 Double-Bit Axe
16:05 Castle Age
21:29 Imperial Age
20:11 Sanctity
20:27 Gold Mining
20:18 Pikeman
20:59 Loom
23:39 Block Printing
26:04 Illumination
31:10 Atonement
32:00 Redemption
33:12 Theocracy
37:48 Horse Collar
40:46 Halberdier
Connection lost

Rejoining the realm…

Still unreachable

The connection could not be restored.

Session expired

The server has moved on; the page needs a fresh start.